 Dungeon Crawl Stone Soup version 0.32-a0-630-g46d191b0ed (webtiles) character file.

Game seed: 5922683693626831749

349 Alarak the Covert (level 6, -2/39 HPs)
             Began as an Octopode Brigand on Mar 6, 2024.
             Slain by an ice beast (5 damage)
             ... on level 5 of the Dungeon.
             The game lasted 00:03:56 (2499 turns).

Alarak the Covert (Octopode Brigand)                Turns: 2499, Time: 00:03:57

Health: -2/39      AC:  1    Str: 10    XL:     6   Next: 60%
Magic:  6/6        EV: 13    Int: 13    God:
Gold:   160        SH:  5    Dex: 16    Spells: 5/5 levels left

rFire   . . .        a - +2 dagger
rCold   . . .        (no shield)
rNeg    . . .        (helmet restricted)
rPois   .            h - amulet of reflection
rElec   .            i - ring of wizardry
rCorr   .            (no ring)
SInv    .            (no ring)
Will    .....        (no ring)
Stlth   ++++++       (no ring)
HPRegen 0.26/turn    (no ring)
MPRegen 0.10/turn    (no ring)
                     (no ring)

%: reflection, wizardry (x1)
@: no status effects
A: almost no armour, amphibious, 8 rings, camouflage 1, gelatinous body 1,
(nimble swimmer 1), tentacles
a: no special abilities


You were on level 5 of the Dungeon.
You visited 1 branch of the dungeon, and saw 5 of its levels.

You collected 160 gold pieces.

Inventory:

Hand Weapons
 a - a +2 dagger (weapon)
Missiles
 b - 15 poisoned darts (quivered)
 c - 3 curare-tipped darts
Jewellery
 d - a ring of fire
 h - an amulet of reflection (around mantle)
 i - a ring of wizardry (left tentacle)
 k - a ring of positive energy
Wands
 m - a wand of paralysis (4)
Scrolls
 j - 2 scrolls of teleportation
Potions
 e - a potion of degeneration
 f - a potion of haste {unknown}
 g - a potion of curing {unknown}
 l - a potion of ambrosia {unknown}


   Skills:
 - Level 2.0 Fighting
 - Level 2.0 Short Blades
 - Level 2.0 Throwing
 - Level 1.0 Dodging
 + Level 10.7 Stealth


You had 5 spell levels left.
You didn't know any spells.
Your spell library contained the following spells:

 Spells                   Type           Power      Damage    Failure   Level
 Apportation              Tloc           0%         N/A       12%         1
 Necrotise                Necr           0%         1d4       12%         1
 Sting                    Conj/Alch      0%         1d3       12%         1
 Summon Small Mammal      Summ           0%         N/A       12%         1
 Mercury Vapours          Alch/Air       0%         N/A       19%         2
 Scorch                   Fire           0%         2d5       19%         2
 Flame Wave               Conj/Fire      0%         2d4       73%         4
 Olgreb's Toxic Radiance  Alch           0%         N/A       73%         4
 Summon Cactus Giant      Summ           0%         N/A       100%        6


Dungeon Overview and Level Annotations

Branches:
Dungeon (5/15)
 Temple: D:4-7

Altars:
Cheibriados
Gozag
Okawaru
Ru
Vehumet
Zin
The Shining One

Shops:
D:4 *


Innate Abilities, Weirdness & Mutations

You cannot wear most types of armour.
You are amphibious.
You can wear up to eight rings at the same time.
Your skin changes colour to match your surroundings (Stealth+).
Your rubbery body absorbs attacks. (AC +1, EV +1)
((You are camouflaged when in or above water. (Stealth+)))
You have tentacles for arms and can constrict up to eight enemies at once.


Message History

You hear a shout! x2; You hear an angry hiss. x2; You hear a shout!
You hit the ice beast. You squeeze the ice beast!
The ice beast is moderately wounded.
The ice beast barely misses you.
The howler monkey hoots and howls with incredible vigour!
You hear a shout! x2
You closely miss the ice beast.
The ice beast is moderately wounded.
The ice beast misses you.
You closely miss the ice beast.
The ice beast is moderately wounded.
The ice beast misses you.
You hit the ice beast.
The ice beast is moderately wounded.
The ice beast hits you. The ice beast freezes you!
You hit the ice beast but do no damage.
The ice beast is moderately wounded.
The howler monkey hits you. You block the ice beast's attack.
You hit the ice beast but do no damage.
The ice beast is moderately wounded.
The howler monkey misses you.
The ice beast hits you but does no damage.
You hit the ice beast but do no damage. You squeeze the ice beast.
The ice beast is heavily wounded.
The howler monkey hits you. The ice beast hits you. The ice beast freezes you!
* * * LOW HITPOINT WARNING * * *
You closely miss the ice beast.
The ice beast is heavily wounded.
The howler monkey hoots and howls with incredible vigour!
The ice beast barely misses you.
You hear an angry hiss.
You hear a shout!
You hear a loud squeak.
You hear a shout! x4; You hear an angry hiss.
You hit the ice beast but do no damage.
The ice beast is heavily wounded.
The howler monkey closely misses you. The howler monkey hits you.
* * * LOW HITPOINT WARNING * * *
The ice beast hits you.
* * * LOW HITPOINT WARNING * * *
The ice beast freezes you.
You die...

## ### ### ####..#
##..##.# ......# ##
##.?..#.###.......
#..#.......<.#.......
#.......#..##).......
.......##..........#.
#.....Y@.............
####..h..!.........?#
##................
#........?.......
##.............##
......#....##...
#..#..##....# ...
##.#.........


You could see an ice beast and a howler monkey.

Vanquished Creatures
  An ogre (D:4)
  2 hounds (D:4)
  A jelly (D:4)
  Crazy Yiuf (D:3)
  Jessica (D:3)
  Ijyb (D:5)
  A gnoll (D:1)
  2 adders
  3 dart slugs
  2 ribbon worms (D:3)
  An orc (D:4)
  5 ball pythons
  4 endoplasms
  5 giant cockroaches
  5 goblins
  4 hobgoblins
  4 jackals (D:2)
  3 quokkas
  3 bats
  4 frilled lizards
  5 kobolds
  2 rats
60 creatures vanquished.

Notes
Turn   | Place    | Note
-------+----------+-------------------------------------------
     0 | D:1      | Alarak the Octopode Brigand began the quest for the Orb.
     0 | D:1      | Reached XP level 1. HP: 14/14 MP: 1/1
   178 | D:1      | Reached XP level 2. HP: 16/19 MP: 2/2
   201 | D:1      | Reached skill level 6 in Stealth
   331 | D:1      | Reached XP level 3. HP: 13/24 MP: 3/3
   673 | D:2      | Reached skill level 7 in Stealth
   914 | D:2      | Reached XP level 4. HP: 29/29 MP: 4/4
  1306 | D:3      | Noticed Jessica
  1311 | D:3      | Killed Jessica
  1312 | D:3      | Reached skill level 8 in Stealth
  1446 | D:3      | Found a snail-covered altar of Cheibriados.
  1446 | D:3      | Found a glowing silver altar of Zin.
  1554 | D:3      | Found an iron altar of Okawaru.
  1780 | D:3      | Found a runed translucent door.
  1781 | D:3      | Noticed Crazy Yiuf
  1791 | D:3      | Killed Crazy Yiuf
  1792 | D:3      | Reached XP level 5. HP: 15/34 MP: 5/5
  1998 | D:4      | Noticed an ogre
  2004 | D:4      | Killed an ogre
  2005 | D:4      | Reached skill level 9 in Stealth
  2033 | D:4      | Reached skill level 10 in Stealth
  2033 | D:4      | Reached XP level 6. HP: 32/39 MP: 6/6
  2119 | D:4      | Found Folosun's General Store.
  2139 | D:4      | Found a sacrificial altar of Ru.
  2141 | D:4      | Found an opulent altar of Gozag.
  2142 | D:4      | Found a radiant altar of Vehumet.
  2212 | D:4      | Found a glowing golden altar of the Shining One.
  2398 | D:5      | Entered Level 5 of the Dungeon
  2398 | D:5      | Noticed Ijyb
  2406 | D:5      | Paralysed by Ijyb for 5 turns
  2415 | D:5      | Killed Ijyb
  2484 | D:5      | Noticed an ice beast
  2499 | D:5      | Slain by an ice beast

Illustrated notes

Levels and vault maps discovered:
D:1:      eino_arrival_water_cross, layout_rooms
D:2:      layout_basic, serial_glass, glass_columns_a, glass_columns_c
D:3:      layout_loops_ring, mainiacjoe_overflow_paths,
          nicolae_overflow_hidden_temple, serial_glass, glass_columns_b,
          glass_columns_b, uniq_jessica, uniq_crazy_yiuf_cottage
D:4:      layout_rooms, nicolae_overflow_quartered_altars, serial_shops,
          nicolae_shop_real_fake_doors
D:5:      layout_cave_pools, nicolae_overflow_crystal_walls,
          lightli_sewer_entry_pipes, uniq_eustachio, uniq_ijyb, uniq_duvessa

Skill      XL: |  1  2  3  4  5 |
---------------+----------------+-----
Stealth        | 6 7 8 10 | 10.7
Fighting       | |  2.0
Short Blades   | |  2.0
Throwing       | |  2.0
Dodging        | |  1.0

Action                     |  1- 3 |  4- 6 || total
---------------------------+-------+-------++-------
  Melee: Dagger            |    55 |    69 ||   124
         Constrict         |    13 |    13 ||    26
         Tentacles         |     5 |    14 ||    19
    Use: Scroll            |     3 |     4 ||     7
   Stab: Sleeping          |    11 |    14 ||    25
 Armour: Skin              |    24 |    25 ||    49
  Dodge: Dodged            |    15 |    18 ||    33
  Block: Other             |     4 |     8 ||    12

Table legend: (Time is in decaauts)
 A = Elapsed time spent in this place.
 B = Non-inter-level travel time spent in this place.
 C = Inter-level travel time spent in this place.
 D = Time resting spent in this place.
 E = Time spent auto-exploring this place.
 F = Levels seen in this place.
 G = Mean time per level.
                   A        B        C        D        E       F      G
               +--------+--------+--------+--------+--------+-----+--------+
         Total |   2486 |   2454 |     32 |    247 |   1745 |   5 |  497.2 |
       Dungeon |   2486 |   2454 |     32 |    247 |   1745 |   5 |  497.2 |
               +--------+--------+--------+--------+--------+-----+--------+

Top non-repeatable levels by time:
     D:2: 810 daAuts
     D:3: 648 daAuts
     D:1: 481 daAuts
     D:4: 446 daAuts
     D:5: 98 daAuts
